 Dungeon Crawl Stone Soup version 0.31-b1-17-gcfd88c8481 (webtiles) character file.

Game seed: 2671736636107272340

2471 Arctor the Vexing (level 9, -1/58 (68) HPs)
             Began as a Gnoll Hexslinger on Jan 16, 2024.
             Was an Initiate of Ashenzari.
             Slain by a wight
             ... wielding a +1 falchion of freezing
              (3 damage)
             ... on level 5 of the Dungeon.
             The game lasted 00:12:02 (5427 turns).

Arctor the Vexing (Gnoll Hexslinger)                Turns: 5427, Time: 00:12:03

HP:   -1/58 (68)    AC:  6    Str:  5 (7)  XL:     9   Next: 51%
MP:   17/17         EV: 12    Int: 14      God:    Ashenzari [......]
Gold: 279           SH:  9    Dex: 16 (24) Spells: 5/18 levels left

rFire   . . .        a - +1 sling
rCold   . . .        f - +0 kite shield
rNeg    . . .        c - +0 robe
rPois   .            (no helmet)
rElec   .            (no cloak)
rCorr   .            (no gloves)
SInv    .            (no boots)
Will    .....        d - amulet of magic regeneration
Stlth   +++          g - ring "Pangnostic Servitude" {Dex+6, Dev, Sorc} (curse)
HPRegen 0.29/turn    y - +4 ring of protection
MPRegen 0.55/turn

%: no passive effects
@: heavily drained
A: fangs 1, strong nose, distributed training, talons 1, deterioration 1
a: Renounce Religion, Shatter the Chains


You were on level 5 of the Dungeon.
You worshipped Ashenzari.
Ashenzari was noncommittal.
You visited 1 branch of the dungeon, and saw 6 of its levels.

You collected 279 gold pieces.

Inventory:

Hand Weapons
 a - a +1 sling (weapon)
 p - a +2 dagger of venom
Armour
 c - a +0 robe (worn)
 f - a +0 kite shield (worn)
Jewellery
 d - an amulet of magic regeneration (around neck)
 e - a +6 ring of dexterity
 g - the cursed ring "Pangnostic Servitude" (left hand) {Dex+6, Dev, Sorc}
   (You found it on level 1 of the Dungeon)

   [ring of dexterity]

   Dex+6:     It affects your dexterity (+6).
   It has a curse which improves the following skills: Devices: Evocations and
   Shapeshifting.
   Sorcery:   Conjurations and Alchemy.
 w - a ring of protection from fire
 y - a +4 ring of protection (right hand)
Talismans
 r - a beast talisman
Wands
 D - a wand of roots (10)
Scrolls
 b - 2 scrolls of poison
 i - a scroll of silence
 j - 2 scrolls of enchant weapon
 k - 3 scrolls of fog
 o - 5 scrolls of teleportation
 q - a scroll of butterflies
 s - a scroll of blinking
 u - a scroll of enchant armour
 v - a scroll of fear
 x - a scroll of immolation
 A - 2 scrolls of noise
Potions
 t - 2 potions of brilliance
 B - 2 potions of attraction
 C - a potion of curing


   Skills:
 + Level 5.2 Fighting
 + Level 4.5 Short Blades
 + Level 4.5 Long Blades
 + Level 4.5 Axes
 + Level 4.5 Maces & Flails
 + Level 4.5 Polearms
 + Level 4.5 Staves
 + Level 6.5 Ranged Weapons
 + Level 4.5 Throwing
 + Level 4.5 Armour
 + Level 6.5 Dodging
 + Level 4.5 Stealth
 + Level 4.5 Shields
 + Level 4.5 Unarmed Combat
 + Level 5.3 Spellcasting
 + Level 3.7(4.1) Conjurations
 + Level 6.6 Hexes
 + Level 3.7 Summonings
 + Level 3.7 Necromancy
 + Level 3.7 Translocations
 + Level 4.3 Fire Magic
 + Level 3.7 Ice Magic
 + Level 3.7 Air Magic
 + Level 3.7 Earth Magic
 + Level 3.7(4.1) Alchemy
 + Level 4.9 Invocations
 + Level 4.5(4.9) Evocations
 + Level 4.1(4.4) Shapeshifting


You had 5 spell levels left.
You knew the following spells:

 Your Spells              Type           Power      Damage    Failure   Level
a - Jinxbite              Hex            44%        N/A       14%         2
b - Call Canine Familiar  Summ           14%        N/A       67%         3
c - Dimensional Bullseye  Hex/Tloc       9%         N/A       86%         4
d - Inner Flame           Hex/Fire       19%        N/A       41%         3
e - Slow                  Hex            88%        N/A       10%         1

Your spell library contained the following spells:

 Spells                   Type           Power      Damage    Failure   Level
 Confusing Touch          Hex            22%        N/A       28%         3
 Sigil of Binding         Hex            22%        N/A       28%         3
 Vampiric Draining        Necr           14%        2d7       67%         3
 Cause Fear               Hex            11%        N/A       67%         4
 Yara's Violent Unravell  Hex/Alch       9%         3d6       99%         5
 Enfeeble                 Hex            11%        N/A       100%        7


Dungeon Overview and Level Annotations

Branches:
Dungeon (6/15)             Temple (0/1) D:4

Altars:
Ashenzari
Dithmenos
Kikubaaqudgha
Ru
Vehumet
Xom

Annotations:
D:4 exclusion: statue
D:5 1 runed translucent door


Innate Abilities, Weirdness & Mutations

You have very sharp teeth.
Your uncanny sense of smell can sniff out nearby items.
Your experience applies equally to all skills.
You have sharp toenails.
Your body sometimes deteriorates upon taking damage.


Message History

You block the wight's attack.
You shoot a sling bullet.
The sling bullet hits the wight but does no damage.
The wight is heavily damaged.
The wight misses you. The wight closely misses you.
You shoot a sling bullet.
The sling bullet barely misses the wight.
The sling bullet hits the adder.
You kill the adder!
You block the wight's attack.
You shoot a sling bullet. The sling bullet hits the wight.
The wight is severely damaged.
You block the wight's attack. x2
You shoot a sling bullet. The sling bullet hits the wight.
The wight is almost destroyed.
The wight hits you with a +1 falchion of freezing.
You feel drained.
* * * LOW HITPOINT WARNING * * *
The wight freezes you.
* * * LOW HITPOINT WARNING * * *
You shoot a sling bullet.
The sling bullet hits the wight but does no damage.
The wight is almost destroyed.
You block the wight's attack. x2
You shoot a sling bullet. The sling bullet hits the wight.
The wight is almost destroyed.
The wight hits you with a +1 falchion of freezing.
* * * LOW HITPOINT WARNING * * *
You feel drained.
* * * LOW HITPOINT WARNING * * *
The wight freezes you.
* * * LOW HITPOINT WARNING * * *
You shoot a sling bullet.
The sling bullet closely misses the wight.
The wight hits you with a +1 falchion of freezing!
* * * LOW HITPOINT WARNING * * *
You feel drained.
* * * LOW HITPOINT WARNING * * *
The wight freezes you.
You die...

##...###....#.......)............
....[...#..##.#######.###########
..#####..###..# #.#
###.©.####....#### #.#
...........#.....# #.#####
........####.....####.....#
#######..................########
......#.######)##.###....##.#.#.#
......#.##...÷.z@.# #..###.⌠.#.⌠.
##....#..#.##############.#.#.#.#
.#....#.......# #...# #...#.⌠.#.
.+....####.##.# #...# #⌠.⌠.#.#.#
.#....#....##.# #.o.# #._...#.⌠.
##....#.#####.# #.<.# #⌠.⌠.#(#.#
......#.# #.# #...# #...#.⌠.#.
......#.# #.# ##.## ##.#.#.#.#
#######.# #.# #.# ##.⌠.#.⌠.


You could see a wight.

Vanquished Creatures
  The ghost of Chadd the Cleaver, a novice HOMo of Beogh (D:5)
  An ice beast (D:5)
  A black bear (D:4)
  3 ogres (D:5)
  3 phantoms (D:5)
  10 scorpions
  A killer bee (D:5)
  3 quasits (D:5)
  2 hounds (D:5)
  2 jellies
  2 iguanas (D:5)
  Natasha (twice) (D:2)
  9 adders
  4 gnolls (D:4)
  5 ribbon worms
  2 dart slugs
  4 orcs (D:5)
  3 bat skeletons (D:5)
  2 bat zombies (D:5)
  12 endoplasms
  8 giant cockroaches
  18 goblins
  7 hobgoblins
  2 jackals (D:3)
  2 quokkas
  3 ball pythons
  7 bats
  2 frilled lizards
  8 kobolds
  2 rats (D:2)
  A butterfly (D:4)
132 creatures vanquished.

Vanquished Creatures (collateral kills)
  A scorpion (D:5)
  A killer bee (D:5)
  A giant cockroach (D:5)
  A butterfly (D:5)
4 creatures vanquished.

Grand Total: 136 creatures vanquished

Notes
Turn   | Place    | Note
-------+----------+-------------------------------------------
     0 | D:1      | Arctor the Gnoll Hexslinger began the quest for the Orb.
     0 | D:1      | Reached XP level 1. HP: 17/17 MP: 4/4
   168 | D:1      | Reached XP level 2. HP: 23/23 MP: 5/5
   206 | D:1      | Found a faded altar of an unknown god.
   359 | D:1      | Reached XP level 3. HP: 22/28 MP: 7/7
   734 | D:1      | Learned a level 2 spell: Jinxbite
   738 | D:1      | Learned a level 3 spell: Call Canine Familiar
   787 | D:1      | Reached skill level 1 in Invocations
   890 | D:2      | Reached skill level 1 in Short Blades
   890 | D:2      | Reached skill level 1 in Long Blades
   890 | D:2      | Reached skill level 1 in Axes
   890 | D:2      | Reached skill level 1 in Maces & Flails
   890 | D:2      | Reached skill level 1 in Polearms
   890 | D:2      | Reached skill level 1 in Staves
   890 | D:2      | Reached skill level 1 in Throwing
   890 | D:2      | Reached skill level 1 in Armour
   890 | D:2      | Reached skill level 1 in Stealth
   890 | D:2      | Reached skill level 1 in Shields
   890 | D:2      | Reached skill level 1 in Unarmed Combat
   890 | D:2      | Reached skill level 1 in Evocations
   987 | D:2      | Reached skill level 1 in Shapeshifting
   987 | D:2      | Reached XP level 4. HP: 23/34 MP: 8/8
  1373 | D:2      | Noticed Natasha
  1375 | D:2      | Killed Natasha
  1376 | D:2      | Reached skill level 1 in Conjurations
  1376 | D:2      | Reached skill level 1 in Summonings
  1376 | D:2      | Reached skill level 1 in Necromancy
  1376 | D:2      | Reached skill level 1 in Translocations
  1376 | D:2      | Reached skill level 1 in Ice Magic
  1376 | D:2      | Reached skill level 1 in Air Magic
  1376 | D:2      | Reached skill level 1 in Earth Magic
  1376 | D:2      | Reached skill level 1 in Alchemy
  1615 | D:2      | Noticed Natasha
  1625 | D:2      | Killed Natasha
  1626 | D:2      | Reached XP level 5. HP: 40/40 MP: 9/9
  2349 | D:4      | Found a radiant altar of Vehumet.
  2349 | D:4      | Noticed a charred statue
  2360 | D:4      | Found a shimmering altar of Xom.
  2360 | D:4      | Found a shimmering altar of Xom.
  2360 | D:4      | Found a shimmering altar of Xom.
  2362 | D:4      | Found a shimmering altar of Xom.
  2362 | D:4      | Found a shimmering altar of Xom.
  2372 | D:4      | Identified the +1 robe of the Nine Priests {Rampage *Slow
                  | rPois}
  2549 | D:4      | Noticed a black bear
  2556 | D:4      | Killed a black bear
  2557 | D:4      | Reached skill level 5 in Ranged Weapons
  2557 | D:4      | Reached skill level 5 in Dodging
  2557 | D:4      | Reached XP level 6. HP: 45/47 MP: 9/11
  2739 | D:4      | Found a broken altar of Ashenzari.
  2781 | D:4      | Reached XP level 7. HP: 35/52 MP: 12/12
  2810 | D:4      | Became a worshipper of Ashenzari the Shackled
  2945 | D:4      | Found a staircase to the Ecumenical Temple.
  3258 | D:5      | Entered Level 5 of the Dungeon
  3258 | D:5      | Found a runed translucent door.
  3350 | D:5      | Found a transporter.
  3362 | D:5      | Found a runed translucent door.
  3564 | D:5      | Found a transporter.
  3705 | D:5      | Found a sacrificial altar of Ru.
  3739 | D:5      | Learned a level 4 spell: Dimensional Bullseye
  3748 | D:5      | Found a shadowy altar of Dithmenos.
  3885 | D:5      | Noticed Chadd's ghost (novice HOMo)
  4030 | D:5      | Found an ancient bone altar of Kikubaaqudgha.
  4083 | D:5      | Reached XP level 8. HP: 43/60 MP: 14/14
  4486 | D:5      | Gained mutation: You have sharp toenails. [potion of
                  | mutation]
  4486 | D:5      | Gained mutation: Your body sometimes deteriorates upon
                  | taking damage. [potion of mutation]
  4489 | D:5      | HP: 2/91 [killer bee (6)]
  4827 | D:5      | Reached XP level 9. HP: 47/66 MP: 16/16
  4929 | D:5      | Killed Chadd's ghost
  4930 | D:5      | Reached skill level 5 in Fighting
  4930 | D:5      | Reached skill level 5 in Spellcasting
  5151 | D:5      | Learned a level 3 spell: Inner Flame
  5153 | D:5      | Learned a level 1 spell: Slow
  5427 | D:5      | HP: 3/60 [wight/+1 falchion of freezing (9)]
  5427 | D:5      | Slain by a wight

Illustrated notes

Levels and vault maps discovered:
D:1:      psy_arrival_fountain, layout_basic, shapermc_ecumenical_altar_gd,
          corexii_corridor_pit, minmay_heptomino_o4
D:2:      layout_loops_ring, minmay_misc_feat_columns,
          kennysheep_generic_room_5, uniq_natasha
D:3:      layout_basic, minmay_misc_feat_square
D:4:      layout_loops_cross, xom_redecorated, ashenzari_conservatory_becter,
          vehumet_statue, minmay_temple_entry_butterflies
D:5:      lemuel_insect_pit, layout_basic, nicolae_ru_sacrificial_ziggurat,
          grunt_dithmenos_smoke, kennysheep_vampire_church,
          gammafunk_ghost_stat_death, minmay_misc_feat_doors
D:6:      gammafunk_wand_slinger, layout_rooms,
          mainiacjoe_overflow_surrounded_room, serial_undead, serial_undead_c,
          serial_undead_e, serial_undead_e, serial_undead_a

Skill      XL: |  1  2  3  4  5  6  7  8  9 |
---------------+----------------------------+-----
Fire Magic     | 2 3 4 |  4.3
Invocations    | 1 2 3 4 |  4.9
Short Blades   | 1 2 3 4 |  4.5
Long Blades    | 1 2 3 4 |  4.5
Axes           | 1 2 3 4 |  4.5
Maces & Flails | 1 2 3 4 |  4.5
Polearms       | 1 2 3 4 |  4.5
Staves         | 1 2 3 4 |  4.5
Throwing       | 1 2 3 4 |  4.5
Armour         | 1 2 3 4 |  4.5
Stealth        | 1 2 3 4 |  4.5
Shields        | 1 2 3 4 |  4.5
Unarmed Combat | 1 2 3 4 |  4.5
Evocations     | 1 2 3 4 |  4.5
Shapeshifting  | 1 2 3 4 |  4.1
Spellcasting   | 3 4 5 |  5.3
Conjurations   | 1 2 3 |  3.7
Summonings     | 1 2 3 |  3.7
Necromancy     | 1 2 3 |  3.7
Translocations | 1 2 3 |  3.7
Ice Magic      | 1 2 3 |  3.7
Air Magic      | 1 2 3 |  3.7
Earth Magic    | 1 2 3 |  3.7
Alchemy        | 1 2 3 |  3.7
Fighting       | 3 4 5 |  5.2
Ranged Weapons | 5 6 |  6.5
Dodging        | 5 6 |  6.5
Hexes          | 6 |  6.6

Action                     |  1- 3 |  4- 6 |  7- 9 || total
---------------------------+-------+-------+-------++-------
  Melee: Sling             |       |       |     7 ||     7
         Bite              |       |       |     6 ||     6
         Dagger            |       |       |    23 ||    23
         Kick              |       |       |    13 ||    13
   Fire: Sling             |    97 |   174 |   327 ||   598
   Cast: Call Canine Famil |       |       |     2 ||     2
         Jinxbite          |       |       |     2 ||     2
 Invoke: Curse Item        |       |       |     1 ||     1
    Use: Scroll            |     1 |       |     9 ||    10
         Potion            |       |       |    13 ||    13
 Armour: Robe              |    27 |    44 |   231 ||   302
         Skin              |       |       |   122 ||   122
  Dodge: Dodged            |    46 |    57 |   323 ||   426
  Block: Kite shield       |       |       |    73 ||    73
